 Dungeon Crawl Stone Soup version 0.21-a0-2-ge494091 (webtiles) character file.

1880 JeffiDaFish the Ducker (level 8, -8/79 HPs)
             Began as a Troll Monk on May 22, 2017.
             Mangled by a wight
             ... wielding a +0 halberd
              (13 damage)
             ... on level 6 of the Dungeon.
             The game lasted 00:08:01 (4285 turns).

JeffiDaFish the Ducker (Troll Monk)                 Turns: 4285, Time: 00:08:01

Health: -8/79      AC:  5    Str: 20    XL:     8   Next: 91%
Magic:  7/7        EV: 13    Int:  6    God:
Gold:   288        SH:  0    Dex: 14    Spells: 7/7 levels left

rFire    . . .     SeeInvis .   j - +0 whip (elec)
rCold    + . .     Gourm    +   (no shield)
rNeg     . . .     Faith    .   b - +0 robe
rPois    .         Spirit   .   (helmet restricted)
rElec    .         Reflect  .   (no cloak)
rCorr    .         Harm     .   (gloves unavailable)
MR       .....                  (boots unavailable)
Stlth    ++........             (no amulet)
Regen    0.7/turn               i - ring of protection from cold
MPRegen  0.1/turn               (no ring)

@: lethally poisoned (-8 -> -9), drained
A: unfitting armour, claws 3, fast metabolism 3, gourmand, regeneration 1,
shaggy fur 1, tough skin 2
a: no special abilities


You were on level 6 of the Dungeon.
You were completely stuffed.

You visited 1 branch of the dungeon, and saw 6 of its levels.

You collected 288 gold pieces.

Inventory:

Hand Weapons
 j - a +0 whip of electrocution (weapon)
Armour
 b - a +0 robe (worn)
Jewellery
 i - a ring of protection from cold (left claw)
Wands
 k - a wand of flame (22/48)
Scrolls
 a - 2 scrolls of remove curse
 e - 6 scrolls of identify
 h - a scroll of fear
 m - 2 scrolls of fog
 n - 5 scrolls of teleportation
Potions
 p - a potion of invisibility
Comestibles
 c - 4 bread rations
 d - a royal jelly
 f - 3 meat rations
 g - 4 fruits


   Skills:
 + Level 4.9(4.0) Fighting
 + Level 5.7(4.8) Maces & Flails
 * Level 6.5(5.6) Dodging
 + Level 3.1(2.2) Stealth


You had 7 spell levels left.
You didn't know any spells.

Dungeon Overview and Level Annotations

Branches:
Dungeon (6/15)
 Temple: D:4-7

Altars:
Dithmenos
Elyvilon
Hepliaklqana
Kikubaaqudgha
Okawaru
Uskayaw
Wu Jian

Shops:
D:5 [

Annotations:
D:5 5 runed doors
D:6 2 transporters


Innate Abilities, Weirdness & Mutations

You are too large for most types of armour.
You have claws for hands.
Your metabolism is lightning-fast.
You like to eat raw meat.
Your natural rate of healing is unusually fast.
You are covered in fur. (AC +1)
You have very tough skin. (AC +2)


Message History

The wight hits you but does no damage.
You hit the scorpion.
The scorpion is almost dead.
You feel sick. The scorpion closely misses you.
You hit the scorpion.
The scorpion is almost dead.
You feel sick. The wight barely misses you. The scorpion closely misses you.
You closely miss the scorpion.
The scorpion is almost dead.
You feel sick.
The wight hits you from afar with a halberd!
* * * LOW HITPOINT WARNING * * *
You feel drained.
* * * LOW HITPOINT WARNING * * *
The scorpion misses you.
You hit the scorpion but do no damage. Lightning courses through the scorpion!
You kill the scorpion!
Okay, then.
You feel sick. The wight hits you with a halberd!
You die...

# #...#.##.#.##..........
#...#.##.#.##..........
#........#.##..........
#..### #.#.############ #..#
#.#.# #..#####.#.##
#..)z.......#
######.#####.#..###########
.........)z@................
#####...#####....###########
#...# ###.## #...# #.# #.?##
#.# #.. #.# #.. #.# ##. #.#
..#


You could see a wight.

Vanquished Creatures
  The ghost of Adhene the Spear-Bearer, a novice DsAK of Lugonu (D:6)
  An ice beast (D:5)
  2 ogres (D:4)
  A centaur (D:6)
  5 scorpions
  A howler monkey (D:5)
  2 wights (D:6)
  5 crimson imps
  2 jellies
  5 hounds
  2 orc wizards (D:4)
  Ijyb (D:3)
  3 worker ants
  3 iguanas
  A gnoll (D:1)
  5 adders
  5 worms
  A dart slug (D:2)
  5 leopard geckos
  13 orcs
  4 giant cockroaches
  10 goblins
  4 hobgoblins
  2 jackals (D:3)
  9 kobolds
  4 quokkas
  A ball python (D:4)
  8 bats
  3 frilled lizards (D:1)
  A giant cockroach zombie (D:5)
  A jackal skeleton (D:4)
  11 rats
122 creatures vanquished.

Notes
Turn   | Place    | Note
-------+----------+-------------------------------------------
     0 | D:1      | JeffiDaFish the Troll Monk began the quest for the Orb.
     0 | D:1      | Reached XP level 1. HP: 22/22 MP: 0/0
   135 | D:1      | Reached XP level 2. HP: 29/29 MP: 1/1
   326 | D:1      | Reached XP level 3. HP: 34/36 MP: 2/2
   741 | D:2      | Found an ancient bone altar of Kikubaaqudgha.
   800 | D:2      | Reached skill level 3 in Dodging
   886 | D:2      | Noticed a hand axe
   887 | D:2      | Noticed a dagger
   889 | D:2      | Found a hide-covered altar of Uskayaw.
  1115 | D:3      | Noticed Ijyb
  1115 | D:3      | Reached XP level 4. HP: 44/44 MP: 3/3
  1145 | D:3      | Killed Ijyb
  1396 | D:3      | Found a white marble altar of Elyvilon.
  1396 | D:3      | Found an ornate altar of the Wu Jian Council.
  1555 | D:3      | Found a shadowy altar of Dithmenos.
  1645 | D:3      | Reached XP level 5. HP: 53/53 MP: 4/4
  2124 | D:4      | Reached XP level 6. HP: 43/61 MP: 5/5
  2206 | D:4      | Reached skill level 4 in Dodging
  2741 | D:4      | Found an iron altar of Okawaru.
  2973 | D:4      | Reached XP level 7. HP: 36/68 MP: 6/6
  3044 | D:5      | Entered Level 5 of the Dungeon
  3069 | D:5      | Found a runed door.
  3124 | D:5      | Reached skill level 5 in Dodging
  3156 | D:5      | Found a runed door.
  3156 | D:5      | Found a runed gate.
  3189 | D:5      | Found a runed gate.
  3201 | D:5      | Found a runed gate.
  3240 | D:5      | Found Puffau Fyro's Armour Boutique.
  3504 | D:5      | Found a hazy altar of Hepliaklqana.
  3632 | D:6      | Reached XP level 8. HP: 55/78 MP: 7/7
  3642 | D:6      | Reached skill level 5 in Maces & Flails
  3894 | D:6      | Noticed Adhene's ghost (novice DsAK)
  3925 | D:6      | Killed Adhene's ghost
  3925 | D:6      | Reached skill level 6 in Dodging
  4285 | D:6      | Mangled by a wight

Vault maps used:
D:1:      dpeg_arrival_simpleton_b
D:2:      kiku_gazebo_garden_becter, dancing_weapons_uskayaw, first_bread,
          minmay_misc_feat_rows, serial_bayou_crossing
D:3:      nicolae_overflow_hidden_temple, gammafunk_temple_overflow_wave,
          uniq_ijyb
D:4:      okawaru_altar_gauntlet_db
D:5:      marbit_many_paths, serial_shops, shop,
          minmay_guarded_unrand_staff_of_olgreb
D:6:      gammafunk_steamed_eel, uniq_crazy_yiuf_cottage

Skill      XL: |  1  2  3  4  5  6  7  8 |
---------------+-------------------------+-----
Maces & Flails | 3 4 5 |  5.7
Dodging        | 3 4 5 6 |  6.5
Fighting       | 3 4 |  4.9
Stealth        | 2 3 |  3.1

Action                   |  1- 3 |  4- 6 |  7- 9 || total
-------------------------+-------+-------+-------++-------
Melee: Mace              |    82 |       |       ||    82
       Whip              |    27 |   204 |   156 ||   387
  Use: Scroll            |     9 |       |       ||     9
       Potion            |     4 |     5 |     4 ||    13
 Stab: Sleeping          |     4 |     4 |     6 ||    14
  Eat: Chunk             |    15 |    18 |    12 ||    45
Armor: Robe              |    58 |    60 |    28 ||   146
Dodge: Dodged            |    68 |   107 |    68 ||   243
